AoeStats
← 白鹿城拉车车

QS Arena

503346392Analyzed
4v4 RM · 1mo ago on Aug 31, 2026· 35m 18s· 8 players
Game mode
Random Map
Map size
Large (8 player)
Population
200
Speed
Normal
Resources
Standard
Victory
Conquest
Starting age
Dark Age
Ending age
Imperial Age
RankedLock teamsTeams togetherTeam positionsShared explorationLock speedFull tech treeHidden civsTurbo modeCheats
Victory
Defeat
1297
+11
🇨🇭 Slavs · Switzerland
1240
+13
🇨🇳 Spanish · China
1235
+14
🇨🇳 Mongols · China
1161
+17
🇭🇰 Cumans · Hong Kong SAR China
1244
-17
🇰🇷 Koreans · South Korea
1188
-14
🇨🇳 Spanish · China
1170
-13
🇨🇳 Celts · China
1124
-11
小子欸别跑
9:18 Feudal Age
13:23 Castle Age
11:13 Double-Bit Axe
11:10 Horse Collar
15:40 Wheelbarrow
18:40 Loom
22:30 Stone Mining
26:52 Imperial Age
25:34 Hand Cart
25:04 Town Watch
26:07 Scale Barding Armor
26:13 Forging
27:56 Stone Shaft Mining
27:12 Gold Mining
28:50 Chemistry
28:19 Conscription
29:00 Bloodlines
29:15 Husbandry
31:29 Light Cavalry
32:09 Elite Conquistador
ocheda
7:56 Feudal Age
8:32 Double-Bit Axe
9:29 Wheelbarrow
8:39 Horse Collar
18:00 Castle Age
16:43 Scale Barding Armor
16:49 Forging
17:40 Loom
19:04 Bloodlines
20:55 Gold Mining
24:47 Capped Ram
28:29 Town Watch
33:51 Imperial Age
34:44 Chain Barding Armor
35:02 Ballistics
83716497273
11:11 Feudal Age
14:37 Castle Age
12:42 Double-Bit Axe
13:03 Horse Collar
16:08 Bow Saw
15:59 Heavy Plow
16:29 Fortified Wall
16:24 Stone Mining
19:16 Treadmill Crane
19:40 Gold Mining
24:41 Wheelbarrow
25:16 Loom
28:27 Imperial Age
25:44 Town Watch
25:29 Man-at-Arms
27:02 Scale Mail Armor
27:12 Forging
28:08 Hand Cart
27:53 Town Patrol
27:16 Pikeman
27:18 Long Swordsman
27:44 Gambesons
28:54 Onager
29:47 Siege Engineers
31:06 Gold Shaft Mining
31:28 Furor Celtica
33:00 Siege Onager
HaBeeMo
5:38 Loom
8:13 Feudal Age
14:18 Castle Age
12:10 Horse Collar
14:21 Fletching
14:34 Double-Bit Axe
16:29 Crossbowman
18:55 Fervor
20:48 Wheelbarrow
20:47 Bodkin Arrow
22:38 Hand Cart
24:11 Ballistics
25:02 Heavy Plow
25:47 Gold Mining
30:43 Imperial Age
28:37 Sanctity
30:03 Masonry
29:33 Treadmill Crane
30:21 Fortified Wall
31:11 Careening
31:20 Eupseong
31:35 Bracer
32:39 Chemistry
31:52 Stone Mining
32:22 Conscription
32:24 Elite Fire Lancer
33:23 Squires
33:46 Husbandry
34:20 Bow Saw
henkeriks
7:39 Feudal Age
12:55 Castle Age
11:31 Double-Bit Axe
11:27 Horse Collar
19:35 Loom
20:26 Wheelbarrow
20:01 Town Watch
25:38 Imperial Age
23:35 Scale Barding Armor
25:32 Forging
25:39 Gold Mining
25:39 Stone Mining
27:09 Chain Barding Armor
27:57 Bloodlines
27:48 Husbandry
28:21 Conscription
29:08 Plate Barding Armor
29:04 Bow Saw
29:59 Fortified Wall
29:46 Murder Holes
30:24 Masonry
30:10 Fletching
31:39 Iron Casting
34:20 Blast Furnace
34:01 Detinets
34:15 Elite Boyar
35:19 Bodkin Arrow
35:15 Pikeman
35:56 Squires
莫挨老子
8:51 Feudal Age
13:23 Castle Age
12:19 Double-Bit Axe
12:28 Double-Bit Axe
12:38 Horse Collar
13:27 Loom
21:43 Wheelbarrow
27:21 Hand Cart
27:33 Bloodlines
28:10 Fletching
28:57 Padded Archer Armor
31:17 Bodkin Arrow
白鹿城拉车车
7:57 Feudal Age
11:36 Castle Age
9:37 Double-Bit Axe
9:56 Horse Collar
13:33 Bow Saw
19:37 Heavy Plow
22:04 Gold Mining
24:00 Wheelbarrow
23:10 Loom
26:08 Imperial Age
24:32 Gold Shaft Mining
23:48 Stone Mining
25:02 Forging
24:57 Scale Barding Armor
25:36 Husbandry
25:47 Bloodlines
26:29 Stone Shaft Mining
26:27 Scale Mail Armor
27:02 Iron Casting
27:10 Chain Barding Armor
27:29 Chain Mail Armor
28:24 Two-Man Saw
27:57 Conscription
27:53 Shatagni
28:27 Fletching
29:46 Blast Furnace
29:02 Grand Trunk Road
28:50 Elite Ghulam
29:42 Siege Elephant
30:00 Light Cavalry
31:19 Coinage
30:56 Hussar
32:24 Plate Barding Armor
32:40 Banking
32:55 Squires
32:41 Arson
34:33 Chemistry
33:54 Ballistics
33:45 Masonry
33:31 Bodkin Arrow
云雾之森
0:26 Loom
0:45 Loom
2:10 Loom
2:48 Loom
3:18 Loom
4:47 Loom
5:10 Loom
8:20 Feudal Age
11:14 Wheelbarrow
12:56 Castle Age
10:46 Town Watch
11:04 Double-Bit Axe
12:31 Town Watch
13:25 Loom
13:54 Bow Saw
13:28 Horse Collar
21:17 Fletching
29:50 Wheelbarrow
Connection lost

Rejoining the realm…

Still unreachable

The connection could not be restored.

Session expired

The server has moved on; the page needs a fresh start.